 Dungeon Crawl Stone Soup version 0.25-a0-253-g6f1b5d974a (webtiles) character file.

Game seed: 16163353213610315182, levelgen mode: deterministic

954 MisterFreud the Slasher (level 8, 0/64 HPs)
             Began as a Formicid Abyssal Knight on Dec 5, 2019.
             Was a Priest of Lugonu.
             Slain by Duvessa
             ... wielding a +2 short sword of freezing
              (13 damage)
             ... on level 5 of the Dungeon.
             The game lasted 00:09:51 (4929 turns).

MisterFreud the Slasher (Formicid Abyssal Knight)   Turns: 4929, Time: 00:09:52

Health: 0/64       AC: 11    Str: 19    XL:     8   Next: 36%
Magic:  11/11      EV:  6    Int: 12    God:    Lugonu [***...]
Gold:   176        SH:  0    Dex: 10    Spells: 7/7 levels left

rFire    x . .     SeeInvis +   x - +0 long sword
rCold    + . .     Gourm    .   (no shield)
rNeg     . . .     Faith    .   q - +0 plate armour
rPois    +         Spirit   .   (helmet unavailable)
rElec    .         Reflect  .   (no cloak)
rCorr    .         Harm     .   (no gloves)
MR       .....                  (no boots)
Stlth    ..........             (no amulet)
HPRegen  0.20/turn              n - ring of poison resistance
MPRegen  0.12/turn              A - ring of ice

@: no status effects
A: permanent stasis, dig shafts and tunnels, four strong arms, antennae 3
a: Dig, Shaft Self, Depart the Abyss, Bend Space, Banish, Renounce Religion


You were on level 5 of the Dungeon.
You worshipped Lugonu.
Lugonu was most pleased with you.
You were very hungry.

You visited 2 branches of the dungeon, and saw 6 of its levels.
You visited the Abyss 1 time.

You collected 176 gold pieces.

Inventory:

Hand Weapons
 a - a +2 falchion
 x - a +0 long sword (weapon)
Missiles
 f - 11 poisoned darts
 i - 112 arrows
 j - 178 stones (quivered)
 o - 82 bolts
 p - 3 boomerangs
 t - 2 javelins
 B - 2 throwing nets
Armour
 b - a +0 leather armour
 d - a +1 chain mail
 q - a +0 plate armour (worn)
Jewellery
 k - an uncursed ring of resist corrosion
 n - a ring of poison resistance (left hand)
 A - a ring of ice (right hand)
Wands
 l - a wand of paralysis (8)
 y - a wand of flame (13)
Scrolls
 g - 2 scrolls of remove curse
 h - a scroll of amnesia
 m - a scroll of noise {unknown}
Potions
 e - 2 potions of magic
 r - a potion of ambrosia
 s - a potion of heal wounds
 u - a potion of agility
 v - a potion of brilliance
 w - 3 potions of curing
 z - a potion of lignification {unknown}
Comestibles
 c - 14 rations


   Skills:
 - Level 6.0 Fighting
 - Level 6.4 Long Blades
 + Level 4.3 Armour
 - Level 0.8 Dodging
 + Level 4.6 Invocations


You had 7 spell levels left.
You didn't know any spells.
Your spell library contained the following spells:

 Spells                   Type           Power        Failure   Level  Hunger
 Shroud of Golubria       Chrm/Tloc      #.....       100%        2    ###....
 Gell's Gravitas          Tloc           #.........   100%        3    ####...
 Lesser Beckoning         Tloc           #.........   100%        3    ####...
 Teleport Other           Tloc           #.......     100%        3    ####...
 Passage of Golubria      Tloc           N/A          100%        4    #####..
 Blink                    Tloc           Unusable     N/A         2    N/A

Dungeon Overview and Level Annotations

Branches:
Dungeon (5/15)             Temple (1/1) D:4

Altars:
Cheibriados
Elyvilon
Trog

Annotations:
D:5 Dowan, Duvessa


Innate Abilities, Weirdness & Mutations

You cannot be hasted, slowed, berserked, paralysed or teleported.
You can dig through walls and to a lower floor.
Your four strong arms can wield two-handed weapons with a shield.
You have a pair of large antennae on your head. (SInv)


Message History

Duvessa hits you with a +2 short sword of freezing.
* * * LOW HITPOINT WARNING * * *
Duvessa hits you with a +2 short sword of freezing.
* * * LOW HITPOINT WARNING * * *
Press: ? - help, Shift-Dir - straight line, f/p - Duvessa
Aim: Duvessa, wielding a +2 short sword of freezing and wearing a +0 leather armour (moderately wounded, fast, unusually strong, chance to defeat MR: 69%)
You fail to use your ability.
Duvessa hits you with a +2 short sword of freezing.
* * * LOW HITPOINT WARNING * * *
Dowan mumbles some strange words.
Dowan blinks!
Unknown command.
Press: ? - help, Shift-Dir - straight line, f/p - Duvessa
Aim: Duvessa, wielding a +2 short sword of freezing and wearing a +0 leather armour (moderately wounded, fast, unusually strong, chance to defeat MR: 69%)
You fail to use your ability.
The jackal bites you but does no damage.
Duvessa hits you but does no damage.
The jackal bites you but does no damage.
Duvessa hits you with a +2 short sword of freezing!
You die...

############################
######............รท.............<
............{..................##
##.#############.#############.#
#e# #.## #@# #..# #h# #..# #.#
#.####..# ... #.......# ###
######..# { ...# ..... ......
######.


You could see Duvessa and a jackal.

Vanquished Creatures
  Grinder (D:5)
  An ice beast (D:5)
  A centaur (D:5)
  A bullfrog zombie (D:5)
  A jelly (D:5)
  5 hounds (D:4)
  2 orc wizards (D:3)
  An iguana (D:5)
  2 worker ants (D:4)
  Ijyb (D:5)
  A gnoll (D:4)
  7 adders
  An ooze (D:4)
  An adder skeleton (D:4)
  4 worms
  3 dart slugs
  3 leopard geckos
  22 orcs
  A ball python (D:2)
  7 giant cockroaches
  8 goblins
  11 hobgoblins
  16 jackals
  7 kobolds
  5 quokkas
  12 bats
  A frilled lizard (D:1)
  A leopard gecko skeleton (D:4)
  A quokka skeleton (D:4)
  4 rats (D:2)
132 creatures vanquished.

Notes
Turn   | Place    | Note
-------+----------+-------------------------------------------
     0 | Abyss:1  | MisterFreud the Formicid Abyssal Knight began the quest for
                  | the Orb.
     0 | Abyss:1  | Reached XP level 1. HP: 18/18 MP: 2/2
    17 | Abyss:1  | Found a corrupted altar of Lugonu.
    53 | Abyss:1  | Noticed an ancient zyme
    56 | D:1      | Escaped the Abyss
    65 | D:1      | Reached * piety under Lugonu
    78 | D:1      | Noticed an electric eel
   184 | D:1      | Reached XP level 2. HP: 23/25 MP: 3/3
   368 | D:1      | Reached XP level 3. HP: 29/31 MP: 4/4
   745 | D:2      | Reached skill level 5 in Fighting
   757 | D:2      | Reached XP level 4. HP: 20/39 MP: 5/5
  1342 | D:2      | Reached ** piety under Lugonu
  1347 | D:2      | Reached XP level 5. HP: 46/46 MP: 6/6
  2142 | D:3      | Reached XP level 6. HP: 12/52 MP: 7/7
  2507 | D:3      | Reached *** piety under Lugonu
  2872 | D:4      | Found a staircase to the Ecumenical Temple.
  3153 | D:4      | Reached skill level 5 in Long Blades
  3174 | D:4      | Reached XP level 7. HP: 48/58 MP: 8/8
  3252 | D:4      | Found a snail-covered altar of Cheibriados.
  3252 | D:4      | Found a bloodstained altar of Trog.
  3816 | Temple   | Entered the Ecumenical Temple
  3830 | D:5      | Entered Level 5 of the Dungeon
  4036 | D:5      | Noticed Grinder
  4046 | D:5      | Found a white marble altar of Elyvilon.
  4052 | D:5      | Killed Grinder
  4052 | D:5      | Reached XP level 8. HP: 40/64 MP: 8/10
  4172 | D:5      | Noticed Ijyb
  4202 | D:5      | Killed Ijyb
  4895 | D:5      | Noticed Dowan
  4896 | D:5      | Noticed Duvessa
  4929 | D:5      | Slain by Duvessa

Levels and vault maps discovered:
D:1:      arrival_aquarium_a, layout_basic
D:2:      layout_basic, guppyfry_early_orc_mine
D:3:      layout_basic
D:4:      layout_basic, gammafunk_temple_overflow_elements, temple_statues,
          first_ration, cheibrodos_gnoll_hut
D:5:      layout_basic, nicolae_sextant, roderic_lattice_a, elyvilon_altar_4,
          uniq_ijyb, uniq_grinder, uniq_duvessa
Temple:   minmay_temple_bridge_d

Skill      XL: |  1  2  3  4  5  6  7  8 |
---------------+-------------------------+-----
Fighting       | 4 5 6 |  6.0
Long Blades    | 3 5 6 |  6.4
Armour         | 3 4 |  4.3
Invocations    | 3 4 |  4.6
Dodging        | |  0.8

Action                   |  1- 3 |  4- 6 |  7- 9 || total
-------------------------+-------+-------+-------++-------
Melee: Falchion          |   100 |   295 |       ||   395
       Long sword        |       |    26 |   177 ||   203
Invok: Depart the Abyss  |     1 |       |       ||     1
Evoke: Wand              |       |       |     4 ||     4
  Use: Scroll            |       |    13 |     2 ||    15
 Stab: Paralysed         |       |       |     2 ||     2
  Eat: Chunk             |       |     8 |     5 ||    13
Armor: Chain mail        |    88 |   211 |       ||   299
       Plate armour      |       |    39 |   115 ||   154
Dodge: Dodged            |    52 |   161 |    54 ||   267
       Rpst.: Falchion   |    17 |    55 |       ||    72
       Long sword        |       |     3 |    20 ||    23

Table legend:
 A = Non-vault XP
 B = Vault XP
 C = Vault XP percentage of total XP
 D = Non-vault monster count
 E = Vault monster count
 F = Vault count percentage of total count
                 A         B        C        D         E       F
            +---------+---------+-------+---------+---------+-------
      Total |     956 |     408 |  29.9 |     119 |      13 |   9.8
            +---------+---------+-------+---------+---------+-------
        D:1 |      42 |       0 |   0.0 |      22 |       0 |   0.0
        D:2 |     119 |      17 |  12.5 |      31 |       7 |  18.4
        D:3 |     155 |       0 |   0.0 |      31 |       0 |   0.0
        D:4 |     264 |      99 |  27.3 |      26 |       3 |  10.3
        D:5 |     376 |     292 |  43.7 |       9 |       3 |  25.0
            +---------+---------+-------+---------+---------+-------
